General information
- name: BNet
- type: Ladder team game (AT/RT)
- host: Battle.net
- saver: Debaser
map: FullScaleAssault
- players: 8
- length: 12:58
- speed: Fast
- version: 1.26 W3XP
- replay type: Public
» download(83 KB)
Players
team 1 (loser)
Brena (
orange | 49 APM | 623 actions | 12:36)
3 Archmage
2 Summon Water Elemental
1 Brilliance Aura
» actions
| Assign group hotkey | 6 | |
| Basic commands | 25 | |
| Build / train | 37 | |
| Enter build submenu | 20 | |
| Enter hero's abilities submenu | 3 | |
| Right click | 181 | |
| Select / deselect | 217 | |
| Select group hotkey | 83 | |
| Use ability | 51 | |
623 total
» units
» upgrades
| Plating | 2 | |
| Lumber Harvesting | 2 | |
| Masonry | 2 | |
| Creature Attack | 1 | |
7 total
» buildings
| Altar of Kings | 1 | |
| Farm | 8 | |
| Lumber Mill | 1 | |
| Keep | 1 | |
| Blacksmith | 2 | |
| Castle | 1 | |
| Scout Tower | 2 | |
| Arcane Tower | 1 | |
| Arcane Vault | 2 | |
| Guard Tower | 1 | |
| Workshop | 1 | |
21 total
» build order
00:23 Altar of Kings
00:25 Farm
00:44 Farm
01:25 Lumber Mill
02:35 Keep
02:46 Farm
03:05 Blacksmith
03:27 Blacksmith
03:29 Farm
04:50 Farm
05:27 Castle
05:30 Farm
06:00 Farm
06:30 Scout Tower
06:35 Farm
07:05 Arcane Tower
07:49 Arcane Vault
09:40 Scout Tower
10:14 Guard Tower
11:02 Arcane Vault
12:06 Workshop
CaCaMouth (
purple | 40 APM | 505 actions | 12:39)
3 Mountain King
2 Storm Bolt
1 Bash
1 Paladin
1 Holy Light
1 Death Knight
1 Death Coil
1 Beastmaster
1 Summon Bear
» actions
| Assign group hotkey | 2 | |
| Basic commands | 4 | |
| Build / train | 40 | |
| Enter build submenu | 18 | |
| Enter hero's abilities submenu | 6 | |
| Right click | 222 | |
| Select / deselect | 160 | |
| Use ability | 53 | |
505 total
» units
| Peasant | 11 | |
| Footman | 7 | |
| Priest | 2 | |
| Knight | 1 | |
21 total
» upgrades
| Defend | 1 | |
| Priest Training | 1 | |
| Animal War Training | 1 | |
| Swords | 1 | |
4 total
» buildings
| Altar of Kings | 1 | |
| Farm | 8 | |
| Barracks | 2 | |
| Arcane Vault | 1 | |
| Lumber Mill | 1 | |
| Keep | 1 | |
| Blacksmith | 1 | |
| Arcane Sanctum | 1 | |
| Castle | 1 | |
| Town Hall | 1 | |
18 total
» build order
00:44 Altar of Kings
00:54 Farm
00:58 Farm
01:11 Barracks
02:01 Farm
02:33 Arcane Vault
02:47 Farm
03:34 Lumber Mill
03:42 Farm
04:23 Keep
04:39 Barracks
05:45 Farm
05:56 Blacksmith
07:02 Arcane Sanctum
09:55 Castle
11:22 Town Hall
11:33 Farm
12:13 Farm
» items
| Circlet of Nobility | 1 | |
| Periapt of Vitality | 1 | |
| Potion of Healing | 1 | |
| Rod of Necromancy | 1 | |
4 total

»
killa4nia (
blue | 51 APM | 407 actions | 08:03)
1 Lich
1 Frost Nova
» actions
| Assign group hotkey | 4 | |
| Basic commands | 57 | |
| Build / train | 22 | |
| ESC pressed | 1 | |
| Enter build submenu | 10 | |
| Enter hero's abilities submenu | 1 | |
| Right click | 89 | |
| Select / deselect | 125 | |
| Select group hotkey | 84 | |
| Use ability | 14 | |
407 total
» units
| Acolyte | 2 | |
| Ghoul | 7 | |
| Crypt Fiend | 2 | |
11 total
» upgrades
| Creature Carapace | 1 | |
| Creature Attack | 1 | |
| Web | 1 | |
3 total
» buildings
| Altar of Darkness | 1 | |
| Ziggurat | 4 | |
| Graveyard | 1 | |
| Crypt | 1 | |
| Tomb of Relics | 1 | |
| Nerubian Tower | 1 | |
| Halls of the Dead | 1 | |
| Spirit Tower | 1 | |
| Black Citadel | 1 | |
12 total
» build order
00:11 Altar of Darkness
00:14 Ziggurat
00:57 Graveyard
01:00 Crypt
01:15 Tomb of Relics
01:35 Nerubian Tower
02:59 Ziggurat
03:47 Ziggurat
03:50 Ziggurat
03:56 Halls of the Dead
04:46 Spirit Tower
06:31 Black Citadel
» items

»
yearofthedodger (
red | 41 APM | 525 actions | 12:57)
3 Death Knight
2 Death Coil
1 Unholy Aura
» actions
| Assign group hotkey | 13 | |
| Basic commands | 15 | |
| Build / train | 37 | |
| Enter build submenu | 13 | |
| Enter hero's abilities submenu | 3 | |
| Right click | 225 | |
| Select / deselect | 111 | |
| Select group hotkey | 82 | |
| Use ability | 26 | |
525 total
» units
| Acolyte | 8 | |
| Ghoul | 4 | |
| Crypt Fiend | 12 | |
| Goblin Shredder | 1 | |
| Obsidian Statue | 1 | |
26 total
» upgrades
» buildings
| Altar of Darkness | 1 | |
| Crypt | 2 | |
| Ziggurat | 4 | |
| Graveyard | 1 | |
| Halls of the Dead | 1 | |
| Tomb of Relics | 1 | |
| Necropolis | 1 | |
| Sacrificial Pit | 1 | |
| Slaughterhouse | 1 | |
| Nerubian Tower | 1 | |
| Black Citadel | 1 | |
| Spirit Tower | 1 | |
16 total
» build order
00:12 Altar of Darkness
00:16 Crypt
00:41 Ziggurat
01:44 Ziggurat
02:02 Graveyard
03:03 Halls of the Dead
03:20 Ziggurat
03:31 Tomb of Relics
05:20 Necropolis
07:05 Sacrificial Pit
09:36 Crypt
09:50 Slaughterhouse
10:09 Nerubian Tower
10:56 Black Citadel
12:01 Ziggurat
12:23 Spirit Tower
» items
| Dust of Appearance | 1 | |
| Potion of Healing | 1 | |
2 total
team 2 (winner)
advoflolo (
teal | 70 APM | 905 actions | 12:57)
4 Mountain King
2 Storm Bolt
2 Bash
» actions
| Assign group hotkey | 22 | |
| Basic commands | 8 | |
| Build / train | 51 | |
| Enter build submenu | 17 | |
| Enter hero's abilities submenu | 4 | |
| Remove unit from queue | 9 | |
| Right click | 426 | |
| Select / deselect | 138 | |
| Select group hotkey | 207 | |
| Use ability | 23 | |
905 total
» units
» upgrades
| Gunpowder | 2 | |
| Armor | 2 | |
| Long Rifles | 1 | |
| Lumber Harvesting | 1 | |
| Plating | 1 | |
7 total
» buildings
| Altar of Kings | 1 | |
| Farm | 8 | |
| Blacksmith | 1 | |
| Barracks | 1 | |
| Arcane Vault | 1 | |
| Lumber Mill | 1 | |
| Town Hall | 1 | |
| Keep | 2 | |
| Castle | 1 | |
17 total
» build order
00:26 Altar of Kings
00:41 Farm
00:59 Blacksmith
01:11 Farm
01:14 Farm
01:59 Barracks
02:21 Farm
02:58 Arcane Vault
03:02 Lumber Mill
03:32 Farm
04:09 Farm
05:51 Town Hall
06:46 Keep
06:46 Keep
07:08 Farm
09:26 Castle
11:43 Farm

»
kcidakcus (
green | 33 APM | 425 actions | 12:57)
3 Blademaster
1 Wind Walk
2 Critical Strike
2 Shadow Hunter
1 Healing Wave
1 Hex
2 Tauren Chieftain
1 Endurance Aura
1 War Stomp
» actions
| Assign group hotkey | 6 | |
| Basic commands | 20 | |
| Build / train | 37 | |
| Enter build submenu | 19 | |
| Enter hero's abilities submenu | 7 | |
| Remove unit from queue | 2 | |
| Right click | 163 | |
| Select / deselect | 129 | |
| Select group hotkey | 7 | |
| Use ability | 35 | |
425 total
» units
| Peon | 9 | |
| Shaman | 2 | |
| Troll Witch Doctor | 2 | |
| Tauren | 2 | |
15 total
» upgrades
| Shaman Training | 2 | |
| Witch Doctor Training | 3 | |
| Melee Weapons | 1 | |
| Armor | 1 | |
7 total
» buildings
| Orc Burrow | 7 | |
| War Mill | 1 | |
| Altar of Storms | 1 | |
| Stronghold | 1 | |
| Watch Tower | 6 | |
| Voodoo Lounge | 1 | |
| Fortress | 1 | |
| Spirit Lodge | 2 | |
| Tauren Totem | 2 | |
22 total
» build order
00:14 Orc Burrow
01:06 War Mill
01:14 Altar of Storms
02:12 Stronghold
02:38 Orc Burrow
02:48 Orc Burrow
03:21 Watch Tower
03:29 Watch Tower
03:36 Voodoo Lounge
04:07 Orc Burrow
05:02 Fortress
05:37 Orc Burrow
05:38 Orc Burrow
05:41 Orc Burrow
06:27 Spirit Lodge
06:34 Spirit Lodge
06:40 Watch Tower
06:42 Watch Tower
06:43 Watch Tower
06:45 Watch Tower
08:38 Tauren Totem
09:05 Tauren Totem
» items
Debaser (
pink | 94 APM | 1218 actions | 12:58)
4 Blademaster
2 Wind Walk
2 Critical Strike
» actions
| Assign group hotkey | 102 | |
| Basic commands | 17 | |
| Build / train | 44 | |
| Enter build submenu | 17 | |
| Enter hero's abilities submenu | 4 | |
| Give item / drop item | 4 | |
| Right click | 566 | |
| Select / deselect | 229 | |
| Select group hotkey | 176 | |
| Use ability | 58 | |
1218 total
» units
| Peon | 8 | |
| Grunt | 4 | |
| Goblin Shredder | 5 | |
| Troll Batrider | 2 | |
| Wind Rider | 3 | |
22 total
» upgrades
| Ranged Weapons | 3 | |
| Armor | 2 | |
| Envenomed Spears | 1 | |
6 total
» buildings
| Orc Burrow | 6 | |
| Altar of Storms | 1 | |
| Barracks | 1 | |
| Voodoo Lounge | 1 | |
| Stronghold | 1 | |
| Great Hall | 1 | |
| War Mill | 1 | |
| Beastiary | 4 | |
| Fortress | 1 | |
17 total
» build order
00:14 Orc Burrow
00:48 Altar of Storms
00:51 Barracks
01:19 Orc Burrow
01:47 Voodoo Lounge
02:58 Stronghold
04:23 Great Hall
04:48 War Mill
04:50 Orc Burrow
06:00 Beastiary
06:00 Beastiary
06:28 Fortress
06:42 Beastiary
10:11 Beastiary
10:32 Orc Burrow
11:16 Orc Burrow
11:17 Orc Burrow
» items
| Healing Salve | 4 | |
| Scroll of Town Portal | 1 | |
| Potion of Healing | 1 | |
| Potion of Mana | 1 | |
| Lesser Clarity Potion | 1 | |
| Orb of Lightning | 1 | |
9 total

»
zardak (
yellow | 37 APM | 474 actions | 12:57)
3 Paladin
2 Holy Light
1 Devotion Aura
» actions
| Assign group hotkey | 7 | |
| Build / train | 35 | |
| Enter build submenu | 18 | |
| Enter hero's abilities submenu | 3 | |
| Right click | 179 | |
| Select / deselect | 74 | |
| Select group hotkey | 123 | |
| Use ability | 35 | |
474 total
» units
| Peasant | 9 | |
| Dragonhawk Rider | 1 | |
| Gryphon Rider | 4 | |
14 total
» upgrades
| Masonry | 1 | |
| Swords | 3 | |
| Armor | 2 | |
| Lumber Harvesting | 2 | |
| Animal War Training | 1 | |
| Storm Hammers | 1 | |
| Cloud | 1 | |
11 total
» buildings
| Farm | 10 | |
| Altar of Kings | 1 | |
| Barracks | 1 | |
| Lumber Mill | 1 | |
| Scout Tower | 1 | |
| Arcane Tower | 1 | |
| Blacksmith | 1 | |
| Keep | 1 | |
| Arcane Vault | 1 | |
| Gryphon Aviary | 2 | |
| Castle | 1 | |
21 total
» build order
00:37 Farm
00:46 Altar of Kings
01:01 Barracks
01:10 Lumber Mill
01:20 Scout Tower
02:16 Arcane Tower
02:20 Farm
02:30 Farm
03:13 Blacksmith
03:35 Keep
03:44 Arcane Vault
04:08 Farm
05:03 Farm
05:07 Farm
06:06 Gryphon Aviary
06:13 Gryphon Aviary
06:16 Castle
06:55 Farm
10:15 Farm
11:50 Farm
11:52 Farm
» items
| Lesser Clarity Potion | 2 | |
| Healing Salve | 1 | |
3 total
Chat log
(00:45 / All) Debaser: Orange is your name from an APC song
(01:28 / All) Debaser: talk to me you silly little freak
(02:46 / Allies) advoflolo: whats a debaser
(03:01 / Allies) Debaser: pixies song
(03:02 / Allies) kcidakcus: a raggajunhle dj prouducer
(03:14 / Allies) kcidakcus: jungle
(04:33 / Allies) zardak: green
(04:38 / Allies) kcidakcus: ty
(04:39 / Allies) zardak: i got a heal
(07:21 / Allies) Debaser: it's daylight lol
(07:26 / All) Debaser: awesome
(07:31 / All) Debaser: pretty brilliant
(07:51 / All) Debaser: you guys are good
(08:04 / Allies) advoflolo: rush them
(08:06 / All) advoflolo: gg
(09:11 / All) yearofthedodger: and still no fucken militia
(09:19 / Allies) kcidakcus: im gettin meele btw
(09:36 / Allies) kcidakcus: looks like u 2 can win with out me
(10:51 / All) Debaser: oooo
(12:39 / Allies) advoflolo: gg
(12:47 / Allies) kcidakcus: i didnt do shit
(12:49 / All) advoflolo: ez
(12:51 / 9) Debaser: I'll tk